 Dungeon Crawl Stone Soup version 0.28-a0-851-g8b9cc49659 (webtiles) character file.

Game seed: 10537001489405324707

4162 marklar909 the Cleaver (level 10, -1/123 HPs)
             Began as a Palentonga Berserker on Nov 14, 2021.
             Was an Elder of Trog.
             Slain by a tengu warrior (11 damage)
             ... on level 8 of the Dungeon.
             The game lasted 00:13:52 (8712 turns).

marklar909 the Cleaver (Palentonga Berserker)       Turns: 8712, Time: 00:13:52

Health: -1/123     AC: 15    Str: 22    XL:     10   Next: 7%
Magic:  0/10       EV: 11    Int:  7    God:    Trog [****..]
Gold:   109        SH:  4    Dex: 12    Spells: 9/9 levels left

rFire   . . .      SeeInvis +   l - +2 war axe
rCold   . . .      Faith    .   k - +0 buckler
rNeg    . . .      Spirit   +   a - +0 steam dragon scales
rPois   +          Reflect  .   (no helmet)
rElec   .          Harm     .   (no cloak)
rCorr   .          Rampage  .   D - +0 pair of gloves
Will    +....                   (no barding)
Stlth   ..........              b - amulet of guardian spirit
HPRegen 0.30/turn               e - ring of willpower
MPRegen 0.12/turn               y - ring of poison resistance

@: berserking, curled up, very quick
A: large, rugged brown scales 3, see invisible, deformed body, roll 1, armoured
tail, reflexive curl
a: Rolling Charge, Renounce Religion, Berserk, Trog's Hand, Brothers in Arms


You were on level 8 of the Dungeon.
You worshipped Trog.
Trog was greatly pleased with you.
You visited 1 branch of the dungeon, and saw 8 of its levels.

You collected 497 gold pieces.
You spent 388 gold pieces at shops.

Inventory:

Hand Weapons
 l - a +2 war axe (weapon)
 v - a +3 morningstar
Armour
 a - +0 steam dragon scales (worn)
 k - a +0 buckler (worn)
 D - a +0 pair of gloves (worn)
Jewellery
 b - an amulet of guardian spirit (around neck)
 e - a ring of willpower (left hand)
 i - a ring of positive energy
 j - a ring of willpower
 r - a +4 ring of protection
 t - a ring of willpower
 y - a ring of poison resistance (right hand)
 B - a ring of magical power
Wands
 m - a wand of mindburst (9)
 n - a wand of paralysis (9)
 s - a wand of charming (14)
Scrolls
 c - 2 scrolls of immolation
 f - a scroll of teleportation
 h - 3 scrolls of identify
 p - 2 scrolls of fear
 x - a scroll of blinking
 A - a scroll of enchant armour
 C - a scroll of summoning
Potions
 d - 3 potions of curing
 o - 2 potions of flight
 q - 2 potions of lignification
 u - a potion of mutation
 w - a potion of heal wounds
 z - a potion of resistance


   Skills:
 * Level 6.9 Fighting
 + Level 8.3 Axes
 * Level 6.4 Armour
 * Level 4.6 Dodging
 - Level 0.3 Stealth
 + Level 2.6 Shields
 * Level 3.6 Evocations


You had 9 spell levels left.
You didn't know any spells.
Your spell library was empty.

Dungeon Overview and Level Annotations

Branches:
Dungeon (8/15)             Temple (0/1) D:5
   Lair: D:8-11

Altars:
Fedhas
Xom
Zin

Shops:
D:7 :   D:8 !?


Innate Abilities, Weirdness & Mutations

You are completely covered in rugged brown scales. (AC +3, +7% HP)
You have supernaturally acute eyesight. (SInv)
Armour fits poorly on your strangely shaped body.
You can roll at nearby foes to attack.
You have a long armoured tail.
You curl defensively after being hit. (AC +7*)


Message History

The tengu warrior hits you but does no damage.
The tengu warrior completely misses you. x2
There is a stone staircase leading up here.
A red film seems to cover your vision as you go berserk!
You feel yourself moving faster!
You feel mighty!
The tengu warrior hits you with a +0 long sword!
* * * LOW HITPOINT WARNING * * *
The tengu warrior closely misses you. The tengu warrior barely misses you.
You closely miss the tengu warrior.
Your tail-slap misses the tengu warrior.
The tengu warrior hits you with a +0 long sword!
* * * LOW HITPOINT WARNING * * *
The tengu warrior pecks you but does no damage.
The tengu warrior claws you.
* * * LOW HITPOINT WARNING * * *
You closely miss the tengu warrior. The tengu warrior barely misses you.
The tengu warrior closely misses you. The tengu warrior claws you.
* * * LOW HITPOINT WARNING * * *
Unknown command.
You slice the tengu warrior!!
Your tail-slap misses the tengu warrior.
The tengu warrior is moderately wounded.
Unknown command.
You slice the tengu warrior!!
The tengu warrior is severely wounded.
The tengu warrior barely misses you.
The tengu warrior pecks you but does no damage.
The tengu warrior misses you.
Unknown command.
You slash the tengu warrior!
The tengu warrior is almost dead.
The tengu warrior hits you but does no damage.
You block the tengu warrior's attack.
The tengu warrior completely misses you.
The tengu warrior blocks your attack.
The tengu warrior is almost dead.
You barely miss the tengu warrior.
The tengu warrior is almost dead.
The tengu warrior hits you with a +0 long sword!
You die...

#..# ### #.
#..### #.
#.###....###. #.
#............ #.
#####..#.#### #.
#..#.# #. #..#.#
#.#########..#.#
#.@Q.........#.#
##########.....#
#.#.### #.#.#
#.#.# #.#.#
#.#.######
#.#.......
#.###.####


You could see a tengu warrior.

Vanquished Creatures
  Harold (D:7)
  A two-headed ogre (D:8)
  A troll (D:7)
  A wyvern (D:4)
  A steam dragon (D:8)
  The ghost of Atlas the Chiller, an amateur DsIE (D:4)
  Menkaure (D:4)
  An ice beast (D:6)
  An orc warrior (D:5)
  2 black bears
  4 ogres
  A phantom (D:4)
  2 kobold brigands
  A wyvern zombie (D:7)
  A scorpion (D:5)
  A water moccasin skeleton (D:4)
  6 killer bees (D:5)
  4 wights (D:6)
  5 hounds
  A centaur zombie (D:8)
  A jelly (D:7)
  A bullfrog skeleton (D:6)
  An orc priest (D:5)
  Ijyb (D:4)
  Jessica (D:2)
  A centaur skeleton (D:4)
  5 iguanas
  3 orc wizards
  3 hound skeletons (D:4)
  4 adders
  A shadow imp (D:5)
  2 white imps (D:8)
  An ufetubus (D:4)
  A worm (D:3)
  2 dart slugs
  15 orcs
  6 ball pythons
  6 endoplasms
  4 giant cockroaches
  5 goblins
  6 hobgoblins
  3 jackals
  4 quokkas
  4 frilled lizards
  17 kobolds
  5 rats
140 creatures vanquished.

Notes
Turn   | Place    | Note
-------+----------+-------------------------------------------
     0 | D:1      | marklar909 the Palentonga Berserker began the quest for the
                  | Orb.
     0 | D:1      | Reached XP level 1. HP: 19/19 MP: 1/1
    56 | D:1      | Found a faded altar of an unknown god.
   260 | D:1      | Reached XP level 2. HP: 19/25 MP: 2/2
  1589 | D:2      | Noticed Jessica
  1599 | D:2      | Killed Jessica
  1600 | D:2      | Reached XP level 3. HP: 19/31 MP: 3/3
  2118 | D:2      | Reached XP level 4. HP: 37/38 MP: 4/4
  2881 | D:3      | Reached ** piety under Trog
  2882 | D:3      | Reached skill level 4 in Axes
  3622 | D:4      | Found a runed translucent door.
  3623 | D:4      | Noticed Atlas's ghost (amateur DsIE)
  3632 | D:4      | Reached XP level 5. HP: 37/44 MP: 3/5
  3798 | D:4      | Noticed Ijyb
  3808 | D:4      | Killed Ijyb
  3893 | D:4      | Noticed a black bear
  3894 | D:4      | Noticed Menkaure
  3910 | D:4      | Killed Menkaure
  3911 | D:4      | Reached skill level 1 in Shields
  3911 | D:4      | Reached XP level 6. HP: 46/51 MP: 3/6
  4190 | D:5      | Entered Level 5 of the Dungeon
  4235 | D:5      | Gained mutation: You curl defensively after being hit. (AC
                  | +7*) [Palentonga growth]
  4235 | D:5      | Reached XP level 7. HP: 58/58 MP: 4/7
  4484 | D:5      | Reached skill level 5 in Axes
  4879 | D:5      | Found a staircase to the Ecumenical Temple.
  5023 | D:5      | Reached *** piety under Trog
  5138 | D:5      | Found a blossoming altar of Fedhas.
  5175 | D:5      | Reached XP level 8. HP: 41/65 MP: 6/8
  5508 | D:6      | Reached skill level 5 in Fighting
  5519 | D:6      | Found a shimmering altar of Xom.
  5532 | D:6      | Found a glowing silver altar of Zin.
  5635 | D:6      | Reached skill level 6 in Axes
  5635 | D:6      | Reached skill level 1 in Evocations
  5877 | D:6      | Reached skill level 5 in Armour
  6894 | D:4      | Reached XP level 9. HP: 73/73 MP: 9/9
  7030 | D:4      | Killed Atlas's ghost
  7205 | D:7      | Reached skill level 7 in Axes
  7390 | D:7      | Found Fouh's Book Shoppe.
  7440 | D:7      | Noticed a troll
  7446 | D:7      | Killed a troll
  7453 | D:7      | Noticed Harold
  7544 | D:7      | Killed Harold
  7684 | D:7      | Reached **** piety under Trog
  8231 | D:8      | Noticed a two-headed ogre
  8236 | D:8      | Killed a two-headed ogre
  8237 | D:8      | Reached skill level 8 in Axes
  8237 | D:8      | Reached XP level 10. HP: 82/82 MP: 6/10
  8401 | D:8      | Found Ifetel's Magic Scroll Shop.
  8407 | D:8      | Bought a scroll of fear for 45 gold pieces
  8407 | D:8      | Bought a scroll of blinking for 97 gold pieces
  8407 | D:8      | Bought a scroll of identify for 26 gold pieces
  8407 | D:8      | Bought a scroll of enchant armour for 97 gold pieces
  8407 | D:8      | Bought a scroll of identify for 26 gold pieces
  8407 | D:8      | Bought a scroll of identify for 26 gold pieces
  8407 | D:8      | Bought a scroll of identify for 26 gold pieces
  8407 | D:8      | Bought a scroll of fear for 45 gold pieces
  8613 | D:8      | Found Puomm's Distillery.
  8633 | D:8      | Noticed a tengu warrior
  8712 | D:8      | Slain by a tengu warrior

Illustrated notes

Levels and vault maps discovered:
D:1:      mrwooster_arrival_statue_3, layout_loops_ring, basic_ecumenical_altar,
          serial_co_window_serial, co_window_of_opportunity_a,
          co_window_corner_a, co_window_corner_a, co_window_cross_1,
          co_window_corner_a, co_window_paths_a, co_window_paths_a,
          co_window_unsneaky_path_a, co_window_of_opportunity_b,
          co_window_broadway_a, co_window_unsneaky_path_e, co_window_2corner,
          co_window_of_opportunity_b, glass_columns_a, glass_columns_a,
          glass_columns_a, glass_columns_b
D:2:      layout_basic, uniq_jessica
D:3:      layout_rooms
D:4:      cheibrodos_barr_body, layout_cave_pools,
          ebering_ghost_reflecting_pool, minmay_fractal_squares_gapless_5,
          uniq_ijyb, uniq_menkaure
D:5:      layout_loops_ring, mainiacjoe_overflow_cross_hatched, temple_hall
D:6:      layout_cave_pools, mainiacjoe_overflow_boulevard,
          nicolae_overflow_hidden_temple, grunt_ministairs_1, feat_on_display
D:7:      layout_gridville, serial_shops, shop_statue, uniq_harold
D:8:      layout_loops_ring, serial_shops, shop, shop, shop,
          nicolae_shop_window_shopping, kennysheep_mini, minivault_23,
          chequers_serial_rivers_micro_a

Skill      XL: |  1  2  3  4  5  6  7  8  9 |
---------------+----------------------------+-----
Dodging        | 2 3 4 |  4.6
Axes           | 4 5 6 8 |  8.3
Armour         | 2 3 4 5 6 |  6.4
Fighting       | 4 5 6 |  6.9
Shields        | 1 2 |  2.6
Evocations     | 2 3 |  3.6
Stealth        | |  0.3

Action                   |  1- 3 |  4- 6 |  7- 9 | 10-12 || total
-------------------------+-------+-------+-------+-------++-------
Melee: Hand axe          |    69 |    28 |       |       ||    97
       Tailslap          |     9 |     8 |    29 |     4 ||    50
       War axe           |       |    49 |   205 |    26 ||   280
Invok: Berserk           |     2 |     6 |    17 |     1 ||    26
       Trog's Hand       |       |       |     1 |       ||     1
 Abil: Rolling Charge    |       |     5 |     6 |       ||    11
  Use: Scroll            |       |     6 |    14 |     2 ||    22
       Potion            |       |       |     2 |     2 ||     4
 Stab: Sleeping          |     1 |       |       |       ||     1
Armor: Animal skin       |    22 |     1 |       |       ||    23
       Chain mail        |       |    33 |       |       ||    33
       Ring mail         |       |     9 |   100 |     1 ||   110
       Steam dragon scal |       |       |       |    29 ||    29
Dodge: Dodged            |    32 |    44 |    85 |    31 ||   192
Block: Buckler           |       |    14 |    50 |    17 ||    81

Table legend: (Time is in decaauts)
 A = Elapsed time spent in this place.
 B = Non-inter-level travel time spent in this place.
 C = Inter-level travel time spent in this place.
 D = Time resting spent in this place.
 E = Time spent auto-exploring this place.
 F = Levels seen in this place.
 G = Mean time per level.
                   A        B        C        D        E       F      G
               +--------+--------+--------+--------+--------+-----+--------+
         Total |   9008 |   8164 |    844 |   2126 |   4994 |   8 | 1126.0 |
       Dungeon |   9008 |   8164 |    844 |   2126 |   4994 |   8 | 1126.0 |
               +--------+--------+--------+--------+--------+-----+--------+

Top non-repeatable levels by time:
     D:2: 1457 daAuts
     D:4: 1445 daAuts
     D:1: 1440 daAuts
     D:5: 1425 daAuts
     D:7: 1091 daAuts
     D:6: 952 daAuts
     D:3: 731 daAuts
     D:8: 465 daAuts
